Map: [ESL] Goldenaura

Players

NightMare - Winner!

  • Race: Protoss Protoss
  • Spawn Location: 12:00

Scarlett

  • Race: Zerg Zerg
  • Spawn Location: 5:00

Event: ESL Spring 2024 Finals

VOD

Have the link to the VOD?

Description

Time

  • Played on: May 31, 2024, 5:57 p.m.
  • Length: 8:34

All games in this series

Show
View Real Time Build Order
Export as new Build Order

NightMare Protoss - Winner!

Build Orders: 1 Gate Expand, Oracle Opening 

Get SALT Encoding   

  12  0:00  Probe  
  13  0:13  Pylon  
  13  0:18  Probe (Chrono Boost)  
  14  0:28  Probe (Chrono Boost)  
  15  0:33  Probe (Chrono Boost)  
  16  0:39  Gateway  
  16  0:44  Probe  
  16  0:49  Assimilator  
  17  0:56  Probe  
  18  1:08  Probe  
  19  1:20  Probe  
  20  1:33  Probe  
  20  1:34  Nexus  
  21  1:41  Cybernetics Core  
  21  1:45  Probe  
  22  1:49  Assimilator  
  22  1:57  Pylon  
  22  1:59  Probe  
  23  2:15  Probe (Chrono Boost)  
  24  2:17  Adept  
  26  2:25  Stargate  
  26  2:27  Probe (Chrono Boost)  
  27  2:32  Probe (Chrono Boost)  
  27  2:34  Warp Gate  
  28  2:42  Probe (Chrono Boost)  
  29  2:46  Probe (Chrono Boost)  
  29  2:47  Adept  
  32  2:53  Probe (Chrono Boost)  
  32  2:55  Probe (Chrono Boost)  
  32  2:58  Probe (Chrono Boost)  
  34  3:00  Probe (Chrono Boost)  
  36  3:06  Oracle (Chrono Boost)  
  36  3:08  Probe  
  36  3:12  Probe  
  41  3:17  Stalker  
  43  3:20  Pylon, Probe  
  43  3:24  Probe  
  45  3:32  Gateway, Probe  
  46  3:38  Probe  
  47  3:42  Oracle  
  47  3:45  Probe  
  51  3:51  Probe  
  52  3:57  Probe  
  52  3:59  Nexus  
  52  4:02  Pylon  
  53  4:12  Twilight Council  
  53  4:14  Gateway  
  53  4:18  Gateway, Probe  
  53  4:20  Probe  
  55  4:25  Pylon  
  55  4:27  Adept x2  
  59  4:33  Assimilator  
  59  4:34  Probe x2  
  59  4:36  Assimilator  
  61  4:40  Forge  
  61  4:43  Resonating Glaives (Chrono Boost)  
  61  4:46  Probe x2  
  61  4:50  Adept  
  61  4:51  Adept  
  67  4:55  Pylon  
  67  4:58  Probe x2  
  69  5:02  Pylon  
  69  5:12  Adept x3  
  69  5:13  Adept  
  77  5:16  Probe x2  
  77  5:17  Probe  
  80  5:26  Protoss Ground Weapons Level 1  
  80  5:29  Probe x2  
  80  5:30  Probe  
  80  5:31  Shield Battery  
  80  5:33  Adept  
  85  5:35  Adept x2  
  85  5:41  Probe  
  85  5:42  Adept  
  92  5:44  Probe x2  
  92  5:48  Shield Battery  
  92  5:49  Blink (Chrono Boost)  
  90  5:51  Robotics Facility  
  90  5:54  Probe  
  90  5:56  Probe  
  92  6:04  Probe  
  92  6:06  Pylon  
  92  6:10  Adept x4  
  96  6:32  Gateway  
  96  6:35  Gateway  
  96  6:36  Gateway  
  96  6:37  Stalker x4, Gateway  
  102  6:47  Pylon  
  102  6:48  Warp Prism (Chrono Boost)  
  84  7:01  Stalker x4  
  84  7:05  Nexus  
  84  7:08  Shield Battery  
  90  7:10  Robotics Bay  
  90  7:11  Probe x3  
  93  7:20  Pylon  
  93  7:21  Observer  
  94  7:24  Stalker x4  
  94  7:28  Stalker  
  94  7:29  Probe x3  
  107  7:37  Stalker x3  
  113  7:47  Stalker x3  
  113  7:48  Stalker  
  121  7:58  Stalker  
  121  8:05  Pylon x2  
  116  8:11  Stalker x4  
  124  8:15  Pylon  
  124  8:17  Pylon  
  122  8:23  Stalker x2  
  122  8:24  Stalker  
Show
View Real Time Build Order
Export as new Build Order

Scarlett Zerg 

Build Orders: Hatch First 

Get SALT Encoding   

  12  0:00  Drone  
  13  0:12  Overlord  
  13  0:17  Drone  
  14  0:30  Drone  
  14  0:31  Drone  
  16  0:46  Drone  
  18  0:50  Drone  
  18  1:02  Hatchery  
  17  1:07  Drone  
  18  1:18  Drone x2  
  18  1:20  Extractor  
  18  1:23  Spawning Pool  
  18  1:29  Drone  
  19  1:38  Drone  
  20  1:51  Drone  
  21  2:01  Drone  
  21  2:06  Hatchery  
  21  2:11  Overlord  
  21  2:14  Queen  
  23  2:19  Metabolic Boost  
  23  2:27  Queen  
  25  2:31  Drone  
  25  2:33  Drone  
  25  2:35  Drone  
  28  2:38  Drone  
  28  2:40  Drone  
  30  2:46  Drone  
  30  2:48  Drone  
  32  2:51  Queen  
  32  2:56  Overlord  
  34  3:01  Zergling x2  
  34  3:05  Zergling x2  
  36  3:13  Queen  
  38  3:22  Drone x5  
  38  3:24  Queen  
  38  3:25  Drone x2  
  47  3:28  Drone  
  47  3:29  Zergling x2  
  49  3:38  Drone  
  49  3:39  Spore Crawler  
  49  3:47  Overlord  
  49  3:51  Overlord  
  49  3:52  Drone  
  49  3:54  Overlord  
  50  3:57  Spore Crawler  
  50  3:59  Overlord  
  48  4:03  Drone x2, Overlord x2  
  51  4:10  Drone x4  
  51  4:14  Drone, Evolution Chamber  
  51  4:15  Drone  
  55  4:19  Drone  
  56  4:25  Drone x4  
  56  4:27  Queen  
  56  4:28  Drone  
  63  4:33  Zergling x2  
  63  4:37  Zergling x4  
  66  4:41  Zerg Melee Weapons Level 1  
  66  4:43  Zergling x8  
  70  4:48  Drone x2  
  72  4:54  Overlord  
  72  4:57  Hatchery  
  72  4:58  Zergling x10  
  76  5:01  Zergling x2  
  76  5:04  Drone  
  76  5:08  Drone  
  76  5:12  Hatchery  
  76  5:13  Lair  
  76  5:16  Drone x7  
  83  5:21  Extractor  
  83  5:22  Extractor x2  
  83  5:25  Drone x6  
  86  5:32  Hatchery  
  84  5:39  Zergling x10  
  84  5:42  Baneling Nest  
  84  5:44  Zergling x2  
  84  5:49  Spine Crawler  
  82  5:51  Zergling x16  
  82  5:52  Spine Crawler  
  89  5:58  Zergling x10  
  89  6:01  Evolution Chamber  
  93  6:06  Zergling x2  
  92  6:12  Zergling x4  
  92  6:15  Zergling x2  
  92  6:19  Zergling x6  
  87  6:27  Zergling x16  
  87  6:32  Baneling x5  
  90  6:35  Drone x4  
  90  6:36  Spire  
  89  6:50  Drone  
  89  6:51  Drone x6  
  89  6:57  Zergling x8  
  88  7:03  Spore Crawler, Extractor  
  88  7:05  Extractor  
  88  7:06  Drone  
  84  7:11  Drone x2  
  84  7:12  Drone x3  
  84  7:13  Drone  
  90  7:17  Drone x2  
  90  7:18  Drone x3  
  95  7:24  Drone x3  
  98  7:30  Hatchery  
  96  7:38  Drone  
  94  7:44  Drone x3  
  94  7:45  Drone x2  
  98  7:51  Zergling x18  
  98  7:54  Zergling x2  
  98  7:55  Zergling x6  
  98  7:56  Drone x3  
  110  7:59  Zergling x2  
  108  8:10  Overlord x2  
  108  8:12  Overlord  
Tags
 
Add a new tag
Caveats
  • Supply blocks, unpowered buildings, or Contaminate may cause inaccurate times.
  • Supply counts are checked every 10 seconds.